 Dungeon Crawl Stone Soup version 0.27-a0-1281-ge233d83751 (webtiles) character file.

Game seed: 4471068980211177107

498 BlueGoblin the Chopper (level 6, -1/50 (56) HPs)
             Began as a Deep Dwarf Fighter on June 14, 2021.
             Slain by Menkaure (16 damage)
             ... on level 4 of the Dungeon.
             The game lasted 00:06:53 (2662 turns).

BlueGoblin the Chopper (Deep Dwarf Fighter)         Turns: 2662, Time: 00:06:54

HP:   -1/50 (56)    AC:  8    Str: 21    XL:     6   Next: 94%
MP:   5/5           EV:  8    Int:  9    God:
Gold: 115           SH: 10    Dex: 12    Spells: 5/5 levels left

rFire    + . .     SeeInvis .   i - +2 war axe
rCold    + . .     Faith    .   c - +0 kite shield
rNeg     . . .     Spirit   .   b - +0 scale mail
rPois    .         Reflect  .   j - +0 helmet
rElec    .         Harm     .   f - scarf {rC+ rF+}
rCorr    .         Rampage  .   (no gloves)
Will     .....                  (no boots)
Stlth    ..........             (no amulet)
HPRegen  0.00/turn              (no ring)
MPRegen  0.09/turn              (no ring)

@: heavily drained
A: damage resistance, heal wounds, sense surroundings 1, no regeneration
a: Heal Wounds


You were on level 4 of the Dungeon.
You visited 1 branch of the dungeon, and saw 4 of its levels.

You collected 115 gold pieces.

Inventory:

Hand Weapons
 a - a +0 war axe
 i - a +2 war axe (weapon)
Missiles
 g - 3 curare-tipped darts
 l - 2 throwing nets
Armour
 b - a +0 scale mail (worn)
 c - a +0 kite shield (worn)
 f - a scarf of resistance (worn)
 j - a +0 helmet (worn)
Jewellery
 q - a ring of magical power
Scrolls
 h - 2 scrolls of identify
 m - a scroll of noise
 o - 3 scrolls of enchant weapon {unknown}
 r - a scroll of magic mapping {unknown}
Potions
 d - a potion of might
 e - a potion of flight
 k - 2 potions of attraction
 n - a potion of lignification {unknown}
 p - a potion of invisibility


   Skills:
 + Level 3.4 Fighting
 + Level 6.1 Axes
 + Level 4.6 Armour
 + Level 1.3 Dodging
 + Level 0.2 Stealth
 + Level 4.5 Shields


You had 5 spell levels left.
You didn't know any spells.
Your spell library was empty.

Dungeon Overview and Level Annotations

Branches:
Dungeon (4/15)
 Temple: D:4-7

Altars:

Annotations:
D:4 Menkaure


Innate Abilities, Weirdness & Mutations

You are resistant to damage.
You can heal yourself by infusing magical energy.
You passively map a small area around you.
You do not regenerate.


Message History

The hobgoblin convulses!
Your body is wracked with pain!
The hobgoblin closely misses you.
You climb upwards.
There is a stone staircase leading down here.
You barely miss the hobgoblin.
The hobgoblin is moderately wounded.
The hobgoblin barely misses you.
You completely miss the hobgoblin.
The hobgoblin is moderately wounded.
The hobgoblin hits you but does no damage.
You block the hobgoblin's attack.
You hit the hobgoblin.
The hobgoblin is almost dead.
You block the hobgoblin's attack.
You barely miss the hobgoblin.
The hobgoblin is almost dead.
You block the hobgoblin's attack.
You slash the hobgoblin!
You kill the hobgoblin!
You see here a hobgoblin corpse.
There is a stone staircase leading down here.
You climb downwards.
Level annotation: Menkaure Menkaure's ankle releases a plume of dust as he confides, "I'm not really a mummy, you know."
There is a stone staircase leading up here.
You hit the giant cockroach.
The giant cockroach is almost dead.
The giant cockroach barely misses you. The giant cockroach closely misses you.
You hit the giant cockroach.
You kill the giant cockroach!
Menkaure calls on the powers of darkness!
Your body is wracked with pain!
* * * LOW HITPOINT WARNING * * *
Menkaure casts a spell.
Menkaure seems to speed up.
You see here a giant cockroach corpse.
You hit Menkaure.
Menkaure is lightly damaged.
Menkaure hits you!!
You die...

.... *....... *
* * #
...##....... ,
*##.
...........
#...#.#........
* , * ,
#...#.#........
* ,
,.............
, , * * ,
#......#* * '
*, , #..M##.# ,
#.###.#@##.#* *
*#.......<#.#
....#####..#.#
* .., #....#*,
, , ###.## ,* ,
#..# , ,
########.## **
#.........# ..
#.........#...


You could see Menkaure (fast).

Vanquished Creatures
  A water moccasin skeleton (D:4)
  5 wights (D:4)
  Jessica (D:2)
  2 orc wizards (D:3)
  3 gnolls (D:3)
  3 adders
  An ufetubus (D:4)
  An adder skeleton (D:4)
  5 dart slugs
  8 orcs
  9 endoplasms
  2 giant cockroaches
  3 goblins
  6 hobgoblins
  8 jackals
  6 kobolds
  2 quokkas (D:3)
  4 ball pythons
  9 bats
  2 frilled lizards (D:3)
  3 rats
84 creatures vanquished.

Vanquished Creatures (others)
  5 toadstools (D:1)
5 creatures vanquished.

Grand Total: 89 creatures vanquished

Notes
Turn   | Place    | Note
-------+----------+-------------------------------------------
     0 | D:1      | BlueGoblin the Deep Dwarf Fighter began the quest for the
                  | Orb.
     0 | D:1      | Reached XP level 1. HP: 20/20 MP: 1/1
    46 | D:1      | Reached XP level 2. HP: 22/27 MP: 2/2
   750 | D:2      | Noticed Jessica
   760 | D:2      | Killed Jessica
   761 | D:2      | Reached XP level 3. HP: 9/33 MP: 3/3
   874 | D:2      | Reached skill level 3 in Axes
   874 | D:2      | Reached XP level 4. HP: 37/42 MP: 4/4
  1526 | D:3      | Reached XP level 5. HP: 18/49 MP: 5/5
  1534 | D:3      | Reached skill level 4 in Axes
  1534 | D:3      | Reached skill level 1 in Dodging
  1956 | D:3      | Found a faded altar of an unknown god.
  2456 | D:4      | Reached XP level 6. HP: 29/56 MP: 6/6
  2464 | D:4      | Reached skill level 5 in Axes
  2531 | D:4      | Reached skill level 6 in Axes
  2641 | D:4      | Noticed Menkaure
  2662 | D:4      | Slain by Menkaure

Illustrated notes

Levels and vault maps discovered:
D:1:      ldierk_walled_garden, layout_basic
D:2:      layout_rooms, uniq_jessica
D:3:      minmay_bubble_buster, layout_loops_corners,
          shapermc_ecumenical_altar_totnotflames, nrook_mini_vaults
D:4:      layout_basic, kennysheep_little_box, kennysheep_generic_room_13,
          uniq_sigmund, uniq_menkaure

Skill      XL: |  1  2  3  4  5  6 |
---------------+-------------------+-----
Armour         | 4 |  4.6
Fighting       | 3 |  3.4
Axes           | 3 4 6 |  6.1
Shields        | 4 |  4.5
Dodging        | 1 |  1.3
Stealth        | |  0.2

Action                   |  1- 3 |  4- 6 || total
-------------------------+-------+-------++-------
Melee: War axe           |   102 |   176 ||   278
 Abil: Heal Wounds       |       |     5 ||     5
  Use: Scroll            |     1 |     7 ||     8
       Potion            |     1 |     4 ||     5
Armor: Scale mail        |    70 |    81 ||   151
Dodge: Dodged            |    49 |    50 ||    99
Block: Kite shield       |    75 |    97 ||   172

Table legend: (Time is in decaauts)
 A = Elapsed time spent in this place.
 B = Non-inter-level travel time spent in this place.
 C = Inter-level travel time spent in this place.
 D = Time resting spent in this place.
 E = Time spent auto-exploring this place.
 F = Levels seen in this place.
 G = Mean time per level.
                   A        B        C        D        E       F      G
               +--------+--------+--------+--------+--------+-----+--------+
         Total |   2797 |   2726 |     71 |    277 |   1641 |   4 |  699.2 |
       Dungeon |   2797 |   2726 |     71 |    277 |   1641 |   4 |  699.2 |
               +--------+--------+--------+--------+--------+-----+--------+

Top non-repeatable levels by time:
     D:3: 1346 daAuts
     D:1: 686 daAuts
     D:2: 506 daAuts
     D:4: 258 daAuts
